AoeStats
← KootH.

Nomad

507310917Analyzed
2v2 RM · 14d ago on Sep 17, 2026· 49m 27s· 4 players
Game mode
Random Map
Map size
176×176
Population
200
Speed
Normal
Resources
Standard
Victory
Conquest
Starting age
Dark Age
Ending age
Imperial Age
RankedLock teamsTeams togetherTeam positionsShared explorationLock speedFull tech treeHidden civsTurbo modeCheats
Victory
Defeat
🇧🇪 Vikings · Belgium
1419
+16
🇨🇴 Turks · Colombia
1414
+16
🇨🇭 Burmese · Switzerland
1415
-16
🇨🇭 Hindustanis · Switzerland
1415
-16
Filip
2:57 Loom
13:15 Feudal Age
15:33 Fishing Lines
16:28 Double-Bit Axe
22:16 Castle Age
20:31 Gold Mining
23:50 Gillnets
24:41 Scale Barding Armor
32:26 Imperial Age
30:48 Town Watch
32:41 Fletching
35:47 Imperial Age
32:44 Crossbowman
33:20 Bodkin Arrow
34:20 Bow Saw
34:15 Padded Archer Armor
36:30 Arbalester
37:12 Bracer
40:09 Leather Archer Armor
40:20 Ballistics
41:32 Ring Archer Armor
41:37 Conscription
44:29 Forging
44:19 Scale Mail Armor
46:15 Iron Casting
49:06 Bogsveigar
49:15 Capped Ram
KootH.
3:31 Loom
12:55 Feudal Age
13:21 Double-Bit Axe
19:55 Castle Age
20:53 Bow Saw
20:59 Fletching
22:41 Husbandry
23:27 Wheelbarrow
23:35 Bodkin Arrow
28:12 Imperial Age
28:20 Bloodlines
28:27 Padded Archer Armor
29:30 Parthian Tactics
29:32 Bracer
30:53 Leather Archer Armor
31:42 Thumb Ring
33:46 Ring Archer Armor
36:49 Gold Mining
36:50 Stone Mining
41:43 Forging
41:55 Hand Cart
47:14 Sipahi
47:49 Scale Barding Armor
48:19 Horse Collar
orpic
4:05 Loom
13:49 Feudal Age
16:04 Double-Bit Axe
19:32 Castle Age
18:22 Gold Mining
19:54 Town Watch
20:25 Fletching
21:01 Bodkin Arrow
23:57 Thumb Ring
25:19 Ballistics
25:50 Padded Archer Armor
33:45 Imperial Age
32:03 Horse Collar
35:26 Chemistry
34:43 Bow Saw
35:34 Wheelbarrow
35:27 Bracer
37:00 Bloodlines
37:43 Leather Archer Armor
38:29 Hand Cart
39:59 Husbandry
41:02 Heavy Cavalry Archer
43:28 Ring Archer Armor
48:55 Elite Skirmisher
Beisser
4:44 Loom
14:50 Feudal Age
19:33 Castle Age
17:47 Stone Mining
20:26 Horse Collar
30:50 Wheelbarrow
31:05 Bloodlines
32:24 Fletching
32:43 Husbandry
43:40 Imperial Age
41:49 Hand Cart
43:22 Scale Barding Armor
44:41 Chain Barding Armor
45:20 Howdah
46:13 Plate Barding Armor
45:43 Elite Skirmisher
47:17 Bodkin Arrow
49:32 Forging
Connection lost

Rejoining the realm…

Still unreachable

The connection could not be restored.

Session expired

The server has moved on; the page needs a fresh start.